[Event "Saturday Night Engine Tour 13 rd Swiss 5m+1s Starts at 2200hrs ST"]
[Site "Infinity Chess"]
[Date "2018.1.13"]
[Round "5"]
[White "Pirate"]
[Black "RonWeasley"]
[Result "1/2-1/2"]
[ECO "C11"]
[WhiteElo "2561"]
[BlackElo "2516"]
[WhiteEngine "asmFishW_20_bmi2_CTG"]
[BlackEngine "BrainFish 060118_CTG"]
[EventType "Swiss"]
[WhiteTeam ""]
[BlackTeam ""]
[PlyCount "208"]
[TimeControl "300+1"]

1. e4 e6 2. d4 d5 3. Nc3 Nf6 4. e5 Nfd7 5. f4 c5 6. Nf3 Nc6 7. Be3 cxd4 
8. Nxd4 Qb6 9. Qd2 Qxb2 10. Rb1 Qa3 11. Bb5 Nxd4 12. Bxd4 a6 13. Bxd7+ Bxd7 
14. Rb3 Qe7 15. Rxb7 Rc8 16. O-O Qd8 17. f5 exf5 18. Qd3 Bc5 19. Bxc5 Rxc5 
20. Nxd5 Bc8 21. Re7+ Kf8 22. Qa3 Qa5 23. Qxa5 Rxa5 24. Rc7 Be6 25. Nf4 Rxe5 
26. Nxe6+ Rxe6 27. Rxf5 Re7 28. Rc8+ Re8 29. Rfc5 Ke7 30. R8c6 g6 31. Rxa6 Rc8 
32. Re5+ Kf8 33. Ra7 Kg7 34. Ree7 Rhf8 35. Re2 Rfd8 36. g3 Rd1+ 37. Kf2 Rc1 
38. Kf3 R8xc2 39. Rxc2 Rxc2 40. h3 Rc3+ 41. Kg2 Kf6 42. h4 Ke6 43. a4 Ra3 
44. a5 h5 45. a6 Kf6 46. Kf2 Ke5 47. Rxf7 Rxa6 48. Rg7 Ra2+ 49. Kg1 Kf5 
50. Rg8 Ra3 51. Kg2 Ra2+ 52. Kf1 Kf6 53. Rf8+ Kg7 54. Rf4 Ra1+ 55. Ke2 Ra3 
56. Rf3 Ra2+ 57. Ke1 Rc2 58. Rf4 Rc1+ 59. Kd2 Rg1 60. Rf3 Ra1 61. Rb3 Ra6 
62. Kc2 Ra7 63. Kc1 Kh6 64. Kc2 Ra2+ 65. Kd1 Ra4 66. Kd2 Rd4+ 67. Kc1 Rc4+ 
68. Kb2 Kg7 69. Rf3 Rb4+ 70. Kc2 Kh6 71. Re3 Rc4+ 72. Kb2 Ra4 73. Rc3 g5 
74. Rc6+ Kg7 75. hxg5 Ra5 76. Kc1 Rxg5 77. Rc7+ Kf6 78. Rc6+ Kf7 79. Rc7+ Ke6 
80. Rc3 Kf6 81. Kd2 Re5 82. Re3 Rg5 83. Kd3 Ra5 84. Ke2 Kg5 85. Re7 Ra3 
86. Rb7 Ra2+ 87. Kf3 Ra5 88. Kg2 Kg6 89. Rb8 Kf5 90. Kf3 Ra3+ 91. Kg2 Ra2+ 
92. Kf1 Kg4 93. Rg8+ Kf3 94. Kg1 h4 95. gxh4 Ra1+ 96. Kh2 Kf4 97. h5 Ra2+ 
98. Kg1 Ra1+ 99. Kf2 Ra2+ 100. Ke1 Ra1+ 101. Kd2 Ra2+ 102. Kc1 Ra1+ 103. Kb2 Rh1 
104. h6 Rxh6 1/2-1/2

[Event "Saturday Night Engine Tour 13 rd Swiss 5m+1s Starts at 2200hrs ST"]
[Site "Infinity Chess"]
[Date "2018.1.13"]
[Round "5"]
[White "SkyPilot"]
[Black "OlivierEvan"]
[Result "1/2-1/2"]
[ECO "C11"]
[WhiteElo "2579"]
[BlackElo "2494"]
[WhiteEngine "stockfish_x64_bmi2_2018_01_01_CTG"]
[BlackEngine "Houdini 6"]
[EventType "Swiss"]
[WhiteTeam ""]
[BlackTeam ""]
[PlyCount "111"]
[TimeControl "300+1"]

1. e4 e6 2. d4 d5 3. Nc3 Nf6 4. e5 Nfd7 5. f4 c5 6. Nf3 Nc6 7. Be3 a6 8. Qd2 Be7 
9. Be2 O-O 10. O-O b5 11. a3 Bb7 12. dxc5 Nxc5 13. Rad1 Qc7 14. Qe1 Rad8 
15. Qf2 Ne4 16. Nxe4 dxe4 17. Bb6 Qc8 18. Nd4 Rxd4 19. Bxd4 Nxd4 20. Rxd4 Bc5 
21. c3 Qc7 22. Qe3 Bd5 23. Kh1 Bb6 24. Qd2 Qb7 25. Qe3 Qe7 26. Qd2 Rd8 
27. Rd1 f5 28. a4 Bxd4 29. Qxd4 Rb8 30. axb5 axb5 31. Ra1 h6 32. Ra7 Rb7 
33. Rxb7 Qxb7 34. h3 e3 35. Qxe3 Bxg2+ 36. Kh2 Bh1 37. Bf1 Bf3 38. Qd4 Kh8 
39. Kg3 Bd5 40. h4 Qa6 41. h5 Qa2 42. Qf2 b4 43. Bg2 Bxg2 44. Qxg2 bxc3 
45. bxc3 Qa7 46. Qf2 Qa1 47. Qf3 Qe1+ 48. Kg2 Qd2+ 49. Kh3 Kh7 50. c4 Qd4 
51. Qg2 Qxf4 52. Qg6+ Kh8 53. Qe8+ Kh7 54. Qg6+ Kh8 55. Qe8+ Kh7 56. Qg6+ 
1/2-1/2

[Event "Saturday Night Engine Tour 13 rd Swiss 5m+1s Starts at 2200hrs ST"]
[Site "Infinity Chess"]
[Date "2018.1.13"]
[Round "5"]
[White "Thor"]
[Black "MrScience"]
[Result "1/2-1/2"]
[ECO "C50"]
[WhiteElo "2632"]
[BlackElo "2545"]
[WhiteEngine "asmFishW_2017-11-19_bmi2"]
[BlackEngine "BrainFish_x64_modern"]
[EventType "Swiss"]
[WhiteTeam ""]
[BlackTeam ""]
[PlyCount "163"]
[TimeControl "300+1"]

1. e4 e5 2. Nf3 Nc6 3. Bc4 Bc5 4. O-O Nf6 5. d3 O-O 6. c3 d6 7. Nbd2 a6 8. a4 a5 
9. Re1 Be6 10. h3 h6 11. Bxe6 fxe6 12. Nf1 d5 13. Ng3 Bb6 14. b3 Nd7 15. d4 exd4 
16. Nxd4 Nxd4 17. cxd4 c6 18. Be3 Qh4 19. Qc2 Rae8 20. Re2 Qf6 21. Rd1 Qf7 
22. Bc1 Qg6 23. Ba3 Rf7 24. Bd6 e5 25. Bc5 Bxc5 26. dxc5 d4 27. Nf5 Rd8 
28. Red2 Nf8 29. Nd6 Re7 30. Rd3 Ne6 31. Rg3 Qf6 32. Rf3 Nf4 33. Kh2 Qg6 
34. Rg3 Qe6 35. Rf3 Rf8 36. Qd2 Ra8 37. Nf5 Rd7 38. g3 Nh5 39. Nd6 Nf6 
40. Qe2 Re7 41. Rg1 g6 42. g4 Rf8 43. Qd2 Rh7 44. Qd3 Re7 45. Qd2 Kh7 
46. Rgg3 Rb8 47. Qxa5 b6 48. Qe1 bxc5 49. Nc4 Rf7 50. Qe2 h5 51. gxh5 Nxh5 
52. Rxf7+ Qxf7 53. Qf3 Qe7 54. Rg1 Nf4 55. a5 d3 56. a6 Kg7 57. Qg4 Rh8 
58. Rg3 Rd8 59. a7 Ra8 60. Nb6 Rxa7 61. Nc8 Qd7 62. Nxa7 Qxa7 63. Qg5 Qc7 
64. Rg1 d2 65. Ra1 Kf7 66. Qg4 Qd8 67. Ra7+ Ke8 68. Ra1 c4 69. bxc4 Qd4 
70. c5 Qxa1 71. Qc8+ Kf7 72. Qc7+ Ke6 73. Qxc6+ Ke7 74. Qc7+ Kf8 75. Qd6+ Kf7 
76. Qd7+ Kg8 77. Qd8+ Kf7 78. Qc7+ Ke6 79. Qb6+ Kf7 80. Qc7+ Ke6 81. Qd6+ Kf7 
82. Qc7+ 1/2-1/2

[Event "Saturday Night Engine Tour 13 rd Swiss 5m+1s Starts at 2200hrs ST"]
[Site "Infinity Chess"]
[Date "2018.1.13"]
[Round "5"]
[White "xeonrocks"]
[Black "BlitzMaster"]
[Result "1/2-1/2"]
[ECO "C55"]
[WhiteElo "2622"]
[BlackElo "2571"]
[WhiteEngine "asmFishW_bmi2.exe_CTG"]
[BlackEngine "stockfish_18010422_x64_modern_CTG"]
[EventType "Swiss"]
[WhiteTeam ""]
[BlackTeam ""]
[PlyCount "126"]
[TimeControl "300+1"]

1. e4 e5 2. Nf3 Nc6 3. Bc4 Nf6 4. d3 Bc5 5. O-O d6 6. c3 a5 7. h3 h6 8. Re1 O-O 
9. Nbd2 Be6 10. Bb5 Qb8 11. Nf1 Qa7 12. Re2 a4 13. Ng3 Qa5 14. Bxc6 bxc6 
15. Nh4 Rfe8 16. Re1 d5 17. exd5 Nxd5 18. Nhf5 Qb6 19. Qf3 Nf4 20. d4 Bf8 
21. dxe5 Ng6 22. Nxh6+ gxh6 23. Nh5 Bg7 24. Nxg7 Kxg7 25. h4 Qc5 26. Qf6+ Kh7 
27. h5 Rg8 28. Be3 Qc4 29. hxg6+ Rxg6 30. Qf4 Rag8 31. g3 Qb5 32. b3 axb3 
33. axb3 Qxb3 34. Rac1 h5 35. Red1 Qb2 36. Re1 Qb3 37. Qh4 Bg4 38. Bf4 Ra8 
39. Re4 Ra4 40. Qh1 Rxe4 41. Qxe4 Qd5 42. Re1 Qxe4 43. Rxe4 Bf3 44. Re3 Bd5 
45. e6 Rxe6 46. Rxe6 fxe6 47. Bxc7 Bc4 48. f3 Kg6 49. Bd6 Bd5 50. Kf2 Kf5 
51. Bb8 Bc4 52. Ke3 Bd5 53. Bf4 e5 54. Bh6 e4 55. fxe4+ Bxe4 56. c4 Bg2 
57. Bf8 Bf1 58. Kd4 Kg4 59. Bd6 Kf5 60. Kc5 Ke4 61. Bf4 h4 62. gxh4 Kxf4 
63. Kxc6 Bxc4 1/2-1/2

[Event "Saturday Night Engine Tour 13 rd Swiss 5m+1s Starts at 2200hrs ST"]
[Site "Infinity Chess"]
[Date "2018.1.13"]
[Round "4"]
[White "MarioDeMonti"]
[Black "Dovahkiin"]
[Result "1/2-1/2"]
[ECO "B04"]
[WhiteElo "2487"]
[BlackElo "2399"]
[WhiteEngine "stockfish_x64_bmi2_2018_01_01_CTG"]
[BlackEngine "BrainFish_180106_x64_modern_CTG"]
[EventType "Swiss"]
[WhiteTeam ""]
[BlackTeam ""]
[PlyCount "267"]
[TimeControl "300+1"]

1. e4 Nf6 2. e5 Nd5 3. d4 d6 4. Nf3 dxe5 5. Nxe5 g6 6. Bc4 c6 7. O-O Bg7 
8. Re1 O-O 9. Bb3 Nd7 10. Nf3 b5 11. Bxd5 cxd5 12. Nc3 Nf6 13. Nxb5 Ne4 
14. c3 Bg4 15. Qd3 Qb6 16. Na3 Rab8 17. h3 Bc8 18. c4 Ba6 19. Qe3 f5 
20. cxd5 Qb7 21. Nb1 Bc4 22. Nc3 Nxc3 23. bxc3 Bxd5 24. Ba3 Rfe8 25. Rac1 Rbd8 
26. Rb1 Qc7 27. Ne5 Bxe5 28. Qxe5 Qxe5 29. Rxe5 e6 30. Re2 Rb8 31. Reb2 Rxb2 
32. Rxb2 a6 33. Bd6 Rc8 34. Bc5 g5 35. a4 a5 36. Rb5 Ra8 37. Bb6 Bc6 
38. Rxa5 Rxa5 39. Bxa5 Bxa4 40. c4 Kf7 41. Kf1 Bb3 42. c5 f4 43. Bd8 h6 
44. c6 Ke8 45. Bf6 Bd5 46. c7 Bc4+ 47. Kg1 Kd7 48. Be5 Bd3 49. Kh2 Bf5 
50. g4 fxg3+ 51. fxg3 Be4 52. Kg1 Bf5 53. Kg2 Kc8 54. h4 gxh4 55. gxh4 h5 
56. Bd6 Be4+ 57. Kg3 Kd7 58. Kf4 Bb7 59. Be5 Bh1 60. Ke3 Bg2 61. Kf4 Bb7 
62. Kg5 Bf3 63. Kh6 Bd1 64. Bd6 Bf3 65. Be5 Kc8 66. Kh7 Bd1 67. Kg7 Bc2 
68. Kf6 Bb3 69. Ke7 Bc4 70. Kd6 Ba2 71. Bh2 Bc4 72. Bf4 Bb3 73. Kc6 Bc2 
74. Bg5 Bb3 75. Kd6 Bd5 76. Bd8 Bc4 77. Be7 Bd5 78. Bd8 Ba2 79. Bf6 Bd5 
80. Be5 Bc4 81. Kc6 Ba2 82. Kb5 Bb1 83. Bf4 Bd3+ 84. Kb4 Bb1 85. Be5 Ba2 
86. Ka4 Bb1 87. Kb5 Be4 88. Kc4 Bb1 89. Bd6 Be4 90. Kb4 Bf3 91. Kc3 Bg4 
92. Be5 Bd1 93. Bh2 Ba4 94. Bd6 Bc6 95. Bg3 Bf3 96. Kd3 Kb7 97. Kd2 Kc8 
98. Ke3 Bg4 99. Bd6 Bf5 100. Bg3 Bc2 101. Kf2 Bd3 102. Ke3 Bc4 103. d5 Bxd5 
104. Bd6 Kd7 105. Kf4 Bb7 106. Be5 Kc8 107. Bd6 Bd5 108. Ke3 Kd7 109. Be5 Bh1 
110. Kf4 Bd5 111. Kg5 Bf3 112. Bh2 Bg4 113. Kf6 Be2 114. Bf4 Bf3 115. Kg5 Bg4 
116. Be5 Bd1 117. Bg3 Bf3 118. Kf6 Be2 119. Bd6 Bd1 120. Kg5 Bf3 121. Kh6 Be2 
122. Kg5 Bd1 123. Bg3 Be2 124. Bd6 Bg4 125. Kg6 Bf3 126. Kf7 Be4 127. Bh2 Bc6 
128. Bf4 Be4 129. Kf6 Bf3 130. Kg5 Bg4 131. Bd6 Bd1 132. Be5 Bf3 133. Bg3 Be2 
134. Bh2 1/2-1/2

[Event "Saturday Night Engine Tour 13 rd Swiss 5m+1s Starts at 2200hrs ST"]
[Site "Infinity Chess"]
[Date "2018.1.13"]
[Round "4"]
[White "KillBill2017"]
[Black "neófito"]
[Result "1-0"]
[ECO "C00"]
[WhiteElo "2443"]
[BlackElo "2505"]
[WhiteEngine "asmFishW_2018-01-12_popcnt_CTG"]
[BlackEngine "BrainFish_180106_x64_bmi2_CTG"]
[EventType "Swiss"]
[WhiteTeam ""]
[BlackTeam ""]
[PlyCount "163"]
[TimeControl "300+1"]

1. e4 e6 2. Nc3 d5 3. d4 Nf6 4. e5 Nfd7 5. f4 c5 6. Nf3 Nc6 7. Be3 Qb6 
8. Na4 Qa5+ 9. c3 cxd4 10. b4 Nxb4 11. cxb4 Bxb4+ 12. Bd2 Bxd2+ 13. Nxd2 b6 
14. Bd3 Nc5 15. Nxc5 bxc5 16. O-O Bd7 17. Rb1 Qd8 18. f5 exf5 19. Bxf5 O-O 
20. Bxd7 Qxd7 21. Nb3 Rac8 22. Rc1 Qe7 23. Qf3 Qxe5 24. Nxc5 Qe3+ 25. Qf2 g6 
26. Nb3 Rxc1 27. Rxc1 Rb8 28. Re1 Qxf2+ 29. Kxf2 Rb4 30. Re2 d3 31. Rd2 f5 
32. Rxd3 Ra4 33. Nc1 Ra5 34. Rd4 Kf7 35. a4 Rc5 36. Nd3 Rc2+ 37. Kf3 Ra2 
38. Nc5 Kf6 39. Rxd5 g5 40. Rd7 Ra3+ 41. Rd3 Ra2 42. h3 h5 43. Re3 a5 
44. Re6+ Kf7 45. h4 gxh4 46. Rd6 Rc2 47. Nd3 Rc3 48. Ke3 Rc2 49. Kf3 Rc3 
50. Ke3 Rc2 51. Nf4 Ra2 52. Rd4 Kf6 53. Nxh5+ Kg5 54. Nf4 Kg4 55. Kd3 Kg5 
56. Rc4 Ra1 57. Ke2 Kg4 58. Ng6+ f4 59. Nxf4 Kg5 60. Nh3+ Kf5 61. Rxh4 Ra2+ 
62. Kf3 Ra3+ 63. Kf2 Ra2+ 64. Kg3 Ra3+ 65. Kh2 Kg6 66. Ng1 Kf7 67. Nf3 Kf6 
68. Kg3 Kg7 69. Re4 Ra2 70. Kh4 Kf7 71. Rf4+ Kg6 72. g4 Kh6 73. g5+ Kg6 
74. Ne5+ Kg7 75. Rf7+ Kg8 76. g6 Rh2+ 77. Kg5 Rc2 78. Ng4 Rc5+ 79. Kh6 Rc6 
80. Nf6+ Rxf6 81. Rxf6 Kh8 82. Rf8# 1-0

[Event "Saturday Night Engine Tour 13 rd Swiss 5m+1s Starts at 2200hrs ST"]
[Site "Infinity Chess"]
[Date "2018.1.13"]
[Round "4"]
[White "Cepri"]
[Black "incredible"]
[Result "1/2-1/2"]
[ECO "B28"]
[WhiteElo "2466"]
[BlackElo "2454"]
[WhiteEngine "asmFishW_12J18Mb_CTG"]
[BlackEngine "stockfish_18011309_x64_bmi2"]
[EventType "Swiss"]
[WhiteTeam ""]
[BlackTeam ""]
[PlyCount "159"]
[TimeControl "300+1"]

1. e4 c5 2. Nf3 a6 3. c4 e6 4. Be2 Qb6 5. b3 Nc6 6. Bb2 Nf6 7. e5 Ng4 8. h3 Nh6 
9. Nc3 Nf5 10. O-O Nfd4 11. Ne4 Qc7 12. Nxd4 Nxd4 13. Bxd4 cxd4 14. f4 d6 
15. exd6 Bxd6 16. Nxd6+ Qxd6 17. Qe1 f6 18. f5 e5 19. Bh5+ Kf8 20. d3 Bd7 
21. b4 Ba4 22. a3 Rb8 23. Ra2 Be8 24. Bd1 Bd7 25. Raf2 b6 26. Rb2 b5 27. c5 Qc7 
28. Ra2 Bc6 29. Bf3 Kf7 30. Qd1 Rhc8 31. a4 Bxf3 32. Qxf3 Qb7 33. Qe2 Kf8 
34. a5 Re8 35. Re1 Qd5 36. Rb2 e4 37. dxe4 Qc4 38. Rd1 Rbd8 39. Qd3 Qxd3 
40. Rxd3 Rxe4 41. Kf2 g6 42. fxg6 hxg6 43. Re2 Rde8 44. Rxe4 Rxe4 45. g3 Kf7 
46. h4 Ke6 47. Rd1 Rg4 48. Rc1 d3 49. Rc3 Rxb4 50. Rxd3 Rb2+ 51. Ke1 Ke5 
52. Kd1 Rb4 53. Rc3 Rd4+ 54. Ke2 b4 55. Rc1 Rd8 56. c6 b3 57. Rb1 Rb8 58. c7 Rc8 
59. Rxb3 Rxc7 60. Rb6 Rc3 61. Kf2 Kf5 62. Rxa6 Rc2+ 63. Kf3 Rc3+ 64. Ke2 Rxg3 
65. Rb6 Ra3 66. a6 Ke5 67. Kf2 Ra4 68. Rb5+ Ke6 69. Rb6+ Ke5 70. Rb5+ Kf4 
71. Rb6 Ra2+ 72. Kf1 Kf5 73. Kg1 g5 74. h5 g4 75. h6 Kg6 76. h7 Kxh7 
77. Rxf6 Kg7 78. Rd6 Kg8 79. Rg6+ Kf7 80. Rd6 1/2-1/2

[Event "Saturday Night Engine Tour 13 rd Swiss 5m+1s Starts at 2200hrs ST"]
[Site "Infinity Chess"]
[Date "2018.1.13"]
[Round "4"]
[White "OlivierEvan"]
[Black "KULLANI"]
[Result "1-0"]
[ECO "A13"]
[WhiteElo "2479"]
[BlackElo "2461"]
[WhiteEngine "Houdini 6"]
[BlackEngine "BrainFish_180106_x64_CTG"]
[EventType "Swiss"]
[WhiteTeam ""]
[BlackTeam ""]
[PlyCount "195"]
[TimeControl "300+1"]

1. c4 e6 2. d4 d5 3. Nf3 Nf6 4. e3 Be7 5. a3 O-O 6. Nc3 b6 7. cxd5 exd5 
8. Bd3 Nbd7 9. O-O Bb7 10. b3 Bd6 11. Nb5 Be7 12. Ne5 c5 13. Bb2 a6 14. Nc3 cxd4 
15. exd4 Ne4 16. Ne2 Bd6 17. f3 Nec5 18. Bf5 g6 19. Ng4 Ne6 20. Bxe6 fxe6 
21. Qd3 a5 22. b4 Qe7 23. b5 Rac8 24. Rac1 Nf6 25. Ne5 a4 26. Nc3 Ra8 
27. Rce1 Nh5 28. Ne2 Bc8 29. Rb1 Bd7 30. Bc1 Be8 31. Bh6 Bxa3 32. Nc6 Qd6 
33. Bxf8 Qxf8 34. g4 Ng7 35. Ne5 Bb4 36. f4 Bd6 37. Nc3 a3 38. h3 Qf6 
39. Rbc1 Qh4 40. Kg2 Rc8 41. Rf2 Bf8 42. Rcc2 Ra8 43. Ra2 Qe7 44. Rf3 Ra5 
45. Qe3 Qb4 46. Rf1 Qe7 47. Rfa1 Qb7 48. Qe2 Qc8 49. Qd3 Bd6 50. Rf2 Bd7 
51. Rc2 Be8 52. Nb1 Qa8 53. Nc6 Ra4 54. Qe3 h6 55. Rc3 Kh8 56. Nxa3 Kg8 
57. Qc1 Qb7 58. Qd1 Ra8 59. Qf3 Kh7 60. Qe3 Ra4 61. Rf1 Qf7 62. Nb1 Qf6 
63. Nd2 Ra2 64. Rf2 Ra4 65. Rb3 Bc7 66. Ne5 Ra5 67. Qd3 Bxe5 68. dxe5 Qf7 
69. Kg3 Ra4 70. Qc3 Qa7 71. Nf3 Rc4 72. Qd3 Bd7 73. Ra3 Ra4 74. Rxa4 Qxa4 
75. Nd4 Qa1 76. Rf1 Qa4 77. Rb1 h5 78. Qc3 Qa8 79. Ra1 Qb8 80. Nc6 Qf8 
81. Ra7 Be8 82. Nd4 h4+ 83. Kf3 Bf7 84. Qc7 Kg8 85. Qxb6 Qb4 86. Qc7 Kh8 
87. Ne2 Qb3+ 88. Kf2 Qxb5 89. Qxf7 Qc5+ 90. Kf1 Qxa7 91. Qxa7 Kg8 92. Nd4 Kf8 
93. Qd7 Kg8 94. Qe7 g5 95. fxg5 Nf5 96. gxf5 exf5 97. Nxf5 d4 98. Qg7# 1-0

[Event "Saturday Night Engine Tour 13 rd Swiss 5m+1s Starts at 2200hrs ST"]
[Site "Infinity Chess"]
[Date "2018.1.13"]
[Round "4"]
[White "ocirema"]
[Black "MiKachomiKa QueeN"]
[Result "1/2-1/2"]
[ECO "C50"]
[WhiteElo "2519"]
[BlackElo "2483"]
[WhiteEngine "stockfish_18010422_x64_modern_CTG"]
[BlackEngine "Raubfisch X37b1_CTG"]
[EventType "Swiss"]
[WhiteTeam ""]
[BlackTeam ""]
[PlyCount "81"]
[TimeControl "300+1"]

1. e4 e5 2. Nf3 Nc6 3. Bc4 Bc5 4. O-O Nf6 5. d3 d6 6. c3 O-O 7. h3 h6 8. Bb3 a6 
9. Bc2 Re8 10. Re1 d5 11. exd5 Nxd5 12. Nbd2 Bf5 13. Ne4 Ba7 14. Bd2 Bg6 
15. b4 f5 16. Nc5 Rb8 17. Rb1 Bh5 18. Bb3 a5 19. a3 Bxc5 20. bxc5 Kh8 
21. Ba4 Qf6 22. Bxc6 bxc6 23. Rxb8 Rxb8 24. c4 Nf4 25. Bxf4 exf4 26. d4 Bxf3 
27. gxf3 Kh7 28. Qc2 a4 29. Rb1 Rxb1+ 30. Qxb1 Qxd4 31. Qxf5+ Kh8 32. Qf8+ Kh7 
33. Qf5+ Kh8 34. h4 Qc3 35. Qxf4 Qxa3 36. Qf8+ Kh7 37. Qf5+ Kg8 38. Qc8+ Kh7 
39. Qf5+ Kg8 40. Qe6+ Kh7 41. Qf5+ 1/2-1/2

[Event "Saturday Night Engine Tour 13 rd Swiss 5m+1s Starts at 2200hrs ST"]
[Site "Infinity Chess"]
[Date "2018.1.13"]
[Round "4"]
[White "pablo"]
[Black "RonWeasley"]
[Result "1/2-1/2"]
[ECO "C11"]
[WhiteElo "2511"]
[BlackElo "2516"]
[WhiteEngine "asmFishW_2017-12-20_bmi2_CTG"]
[BlackEngine "BrainFish 060118_CTG"]
[EventType "Swiss"]
[WhiteTeam ""]
[BlackTeam ""]
[PlyCount "124"]
[TimeControl "300+1"]

1. e4 e6 2. d4 d5 3. Nc3 Nf6 4. e5 Nfd7 5. f4 c5 6. Nf3 Nc6 7. Be3 cxd4 
8. Nxd4 Qb6 9. Qd2 Qxb2 10. Rb1 Qa3 11. Bb5 Nxd4 12. Bxd4 a6 13. Bxd7+ Bxd7 
14. Rb3 Qe7 15. Rxb7 Rc8 16. O-O Qd8 17. Qe3 Rc4 18. Rfb1 Be7 19. f5 Bg5 
20. Qd3 O-O 21. Ne4 Bc8 22. Bb6 Be3+ 23. Qxe3 Qh4 24. Nf6+ gxf6 25. Rc7 exf5 
26. Rxc4 dxc4 27. exf6 Kh8 28. Bc7 Rg8 29. Bg3 Qg4 30. c3 Bd7 31. Qf4 Qe2 
32. Rb8 Qd1+ 33. Kf2 Qc2+ 34. Kg1 Qd1+ 35. Qf1 Qg4 36. Rb6 Qe4 37. Qf4 Qc2 
38. h3 Qxc3 39. Kh2 Bc8 40. Rb8 Qxf6 41. Qxc4 Be6 42. Qf4 h6 43. Qd6 Qg5 
44. Be5+ Kh7 45. Rxg8 Qxg8 46. Qxa6 Bd5 47. Qf1 f4 48. Bxf4 Bxa2 49. Be5 Qg6 
50. Qf3 Qg5 51. Qd3+ Qg6 52. Qd2 Be6 53. Bc3 f6 54. Qe3 Bf7 55. Qf2 Bd5 
56. g4 Kg7 57. Qd4 Qc2+ 58. Bd2 Qe4 59. Qxe4 Bxe4 60. h4 Bd3 61. Kg3 f5 
62. gxf5 Bxf5 1/2-1/2

[Event "Saturday Night Engine Tour 13 rd Swiss 5m+1s Starts at 2200hrs ST"]
[Site "Infinity Chess"]
[Date "2018.1.13"]
[Round "4"]
[White "Vimtiroba"]
[Black "Pirate"]
[Result "1/2-1/2"]
[ECO "E06"]
[WhiteElo "2524"]
[BlackElo "2563"]
[WhiteEngine "SF@130118_CTG"]
[BlackEngine "asmFishW_20_bmi2_CTG"]
[EventType "Swiss"]
[WhiteTeam ""]
[BlackTeam ""]
[PlyCount "224"]
[TimeControl "300+1"]

1. d4 Nf6 2. c4 e6 3. g3 d5 4. Bg2 Bb4+ 5. Bd2 Be7 6. Nf3 O-O 7. O-O c6 
8. Qc2 Nbd7 9. Bf4 b6 10. Rd1 Ba6 11. cxd5 cxd5 12. Ne5 Nh5 13. Nc6 Rc8 
14. Bc1 Nb8 15. Nxe7+ Qxe7 16. Qd2 Nc6 17. b3 Qb4 18. e3 Qxd2 19. Bxd2 Nf6 
20. f3 g5 21. Na3 g4 22. fxg4 Nxg4 23. Bf3 h5 24. Rac1 Rfe8 25. Nc2 Bd3 
26. Ne1 Be4 27. Be2 Ne7 28. h3 Nf6 29. Nd3 Bxd3 30. Bxd3 Ne4 31. Bb4 Nf5 
32. Bxe4 dxe4 33. Kf2 a5 34. Ba3 Kh7 35. g4 hxg4 36. hxg4 Nh6 37. Rxc8 Rxc8 
38. Rh1 f6 39. Kg3 Kg6 40. Rh2 Nf7 41. Rf2 Rc3 42. Be7 f5 43. gxf5+ exf5 
44. Kf4 Nh6 45. Rg2+ Ng4 46. Bd8 b5 47. Bxa5 Rc1 48. Rxg4+ fxg4 49. Kxg4 Rf1 
50. d5 Kf6 51. Bc3+ Ke7 52. Be5 b4 53. Bf4 Ra1 54. Kf5 Rxa2 55. Kxe4 Ra3 
56. Kd4 Rxb3 57. Kc4 Rb1 58. Be5 b3 59. Bd4 Rc1+ 60. Kxb3 Kd6 61. e4 Re1 
62. e5+ Kxd5 63. Bc3 Re2 64. Ba1 Re1 65. Bb2 Rb1 66. Kc3 Rf1 67. Kb3 Rf2 
68. Bc3 Rf1 69. Kc2 Rf3 70. Kb3 Kc5 71. Kb2 Kc4 72. Ba5 Rf1 73. Bc7 Rf7 
74. Bd6 Rf2+ 75. Ka3 Re2 76. Bc7 Rd2 77. Bd6 Rd3+ 78. Kb2 Rd2+ 79. Ka3 Re2 
80. Bc7 Re1 81. Bd6 Kd5 82. Kb3 Kd4 83. Kb2 Re2+ 84. Kb3 Re1 85. Kc2 Re2+ 
86. Kb3 Re3+ 87. Kb4 Re4 88. Ka4 Re1 89. Kb5 Kd5 90. Kb4 Ke4 91. Kb5 Kd5 
92. Kb4 Re3 93. Bb8 Rf3 94. Bd6 Rh3 95. Bb8 Rh1 96. Bd6 Ra1 97. Kc3 Rd1 
98. Kb4 Ra1 99. Kb5 Rb1+ 100. Ka5 Ke6 101. Bc7 Kd5 102. Bd6 Rb2 103. Ka6 Ke6 
104. Ka5 Rb1 105. Ka4 Rb6 106. Ka5 Rb2 107. Ka4 Kf5 108. Ka5 Ke6 109. Ka6 Kd5 
110. Ka5 Rb1 111. Ka4 Ra1+ 112. Kb5 Rb1+ 1/2-1/2

[Event "Saturday Night Engine Tour 13 rd Swiss 5m+1s Starts at 2200hrs ST"]
[Site "Infinity Chess"]
[Date "2018.1.13"]
[Round "4"]
[White "MrScience"]
[Black "Gilgamesch"]
[Result "1/2-1/2"]
[ECO "C65"]
[WhiteElo "2545"]
[BlackElo "2542"]
[WhiteEngine "BrainFish_x64_modern"]
[BlackEngine "BrainFish_171005_x64_bmi2"]
[EventType "Swiss"]
[WhiteTeam ""]
[BlackTeam ""]
[PlyCount "106"]
[TimeControl "300+1"]

1. e4 e5 2. Nf3 Nc6 3. Bb5 Nf6 4. O-O Nxe4 5. Re1 Nd6 6. Nxe5 Be7 7. Bf1 Nxe5 
8. Rxe5 O-O 9. d4 Bf6 10. Re1 Re8 11. Bf4 Rxe1 12. Qxe1 Ne8 13. Qe3 d5 14. c3 g6 
15. Nd2 Ng7 16. h3 h5 17. Nf3 c6 18. Re1 Bf5 19. a4 Ne6 20. Be5 a5 21. Bd3 Bxd3 
22. Qxd3 Qe7 23. Bxf6 Qxf6 24. Re5 Re8 25. Qe3 Qd8 26. Qh6 Nf8 27. Qe3 Rxe5 
28. Nxe5 f6 29. Nd3 Kf7 30. Qf4 Ne6 31. Qh6 Qf8 32. Qxf8+ Nxf8 33. Kh2 b6 
34. b4 Ke7 35. Kg3 axb4 36. Nxb4 Kd6 37. Nd3 g5 38. f3 Ng6 39. Kf2 Ke6 40. g4 h4 
41. f4 gxf4 42. Kf3 Nf8 43. Nxf4+ Ke7 44. Ng2 Nh7 45. Nxh4 Ng5+ 46. Ke2 Nxh3 
47. Kd2 Nf2 48. Nf5+ Ke6 49. Ke2 Nxg4 50. Ng7+ Kf7 51. Nf5 Ke6 52. Ng7+ Kf7 
53. Nf5 Ke6 1/2-1/2

[Event "Saturday Night Engine Tour 13 rd Swiss 5m+1s Starts at 2200hrs ST"]
[Site "Infinity Chess"]
[Date "2018.1.13"]
[Round "4"]
[White "xeonrocks"]
[Black "SkyPilot"]
[Result "1-0"]
[ECO "C55"]
[WhiteElo "2606"]
[BlackElo "2595"]
[WhiteEngine "asmFishW_bmi2.exe_CTG"]
[BlackEngine "stockfish_x64_bmi2_2018_01_01_CTG"]
[EventType "Swiss"]
[WhiteTeam ""]
[BlackTeam ""]
[PlyCount "155"]
[TimeControl "300+1"]

1. e4 e5 2. Nf3 Nc6 3. Bc4 Nf6 4. d3 Bc5 5. c3 d6 6. O-O O-O 7. Nbd2 a6 
8. a4 Ba7 9. h3 Ne7 10. Re1 h6 11. b4 Ng6 12. d4 Bd7 13. Nf1 c6 14. Bd3 a5 
15. bxa5 Qxa5 16. Bd2 Qc7 17. Ng3 Rfe8 18. Qc1 c5 19. dxe5 dxe5 20. Bc4 Nf4 
21. Nf5 N6h5 22. Bxf4 Nxf4 23. g3 Ng6 24. Qd1 Bb8 25. Qb3 Be6 26. Bxe6 fxe6 
27. Ne3 Qf7 28. Nd2 Ra7 29. Ndc4 Qf3 30. Ng4 Rf8 31. Ra2 Bc7 32. Rd2 h5 
33. Nh2 Qf6 34. Qb5 Rfa8 35. Qxc5 Bd8 36. Ra1 h4 37. Kg2 hxg3 38. fxg3 Nf8 
39. Nf3 Qe7 40. Qxe7 Bxe7 41. Nb6 Re8 42. Rb2 Rd8 43. h4 Bf6 44. a5 Nd7 
45. Nxd7 Rxd7 46. g4 Bd8 47. Nxe5 Rc7 48. Ng6 Rc8 49. h5 Kh7 50. Rb5 Kh6 
51. Ne5 Kh7 52. c4 Rca8 53. Ng6 Kh6 54. Kf3 Bg5 55. Ne5 Bd2 56. Rd1 Bxa5 
57. g5+ Kh7 58. g6+ Kg8 59. Rd7 Bc3 60. Nf7 Ra3 61. Rbxb7 Kf8 62. Kf4 Ra1 
63. h6 Rf1+ 64. Ke3 Re1+ 65. Kd3 Bf6 66. e5 Rd1+ 67. Ke2 Rxd7 68. exf6 Ra2+ 
69. Ke3 gxf6 70. Rxd7 Ke8 71. Rb7 Ra3+ 72. Kd4 Rb3 73. Rxb3 Kd7 74. Rb7+ Kc8 
75. Nd6+ Kd8 76. g7 e5+ 77. Kd5 e4 78. g8=Q# 1-0

[Event "Saturday Night Engine Tour 13 rd Swiss 5m+1s Starts at 2200hrs ST"]
[Site "Infinity Chess"]
[Date "2018.1.13"]
[Round "4"]
[White "BlitzMaster"]
[Black "Thor"]
[Result "1/2-1/2"]
[ECO "B30"]
[WhiteElo "2568"]
[BlackElo "2635"]
[WhiteEngine "stockfish_18010422_x64_modern_CTG"]
[BlackEngine "asmFishW_2017-11-19_bmi2"]
[EventType "Swiss"]
[WhiteTeam ""]
[BlackTeam ""]
[PlyCount "24"]
[TimeControl "300+1"]

1. e4 c5 2. Nf3 Nc6 3. Nc3 e5 4. Bc4 Be7 5. d3 d6 6. O-O Nf6 7. h3 O-O 8. a4 Be6 
9. Qe2 Nd4 10. Qd1 Nc6 11. Qe2 Nd4 12. Qd1 Nc6 1/2-1/2

[Event "Saturday Night Engine Tour 13 rd Swiss 5m+1s Starts at 2200hrs ST"]
[Site "Infinity Chess"]
[Date "2018.1.13"]
[Round "3"]
[White "Dovahkiin"]
[Black "neófito"]
[Result "1/2-1/2"]
[ECO "A45"]
[WhiteElo "2394"]
[BlackElo "2510"]
[WhiteEngine "BrainFish_180106_x64_modern_CTG"]
[BlackEngine "BrainFish_180106_x64_bmi2_CTG"]
[EventType "Swiss"]
[WhiteTeam ""]
[BlackTeam ""]
[PlyCount "122"]
[TimeControl "300+1"]

1. d4 Nf6 2. Bf4 d5 3. e3 Bf5 4. Nf3 e6 5. Bd3 Bxd3 6. Qxd3 Bd6 7. Nbd2 Nbd7 
8. O-O O-O 9. Bxd6 cxd6 10. Rfc1 e5 11. Qb3 e4 12. Ng5 a5 13. a4 Qb6 14. Nb1 h6 
15. Nh3 g5 16. Nc3 Qc6 17. Kh1 Nb6 18. Ng1 Nh5 19. Qb5 f5 20. Ra3 Ng7 
21. Rb3 Ra6 22. Ra1 Ne6 23. Qe2 Kg7 24. Qh5 Qe8 25. Qxe8 Rxe8 26. g3 Rc8 
27. Nge2 Rc4 28. Rb1 Nc7 29. Kg2 Kf7 30. h4 Rb4 31. Ra3 Nd7 32. b3 Rc6 
33. Rh1 Nf6 34. hxg5 hxg5 35. Raa1 Rbb6 36. Rh6 Kg7 37. Rah1 Rxc3 38. Nxc3 Rc6 
39. Nb5 Nxb5 40. axb5 Rxc2 41. Rh8 Ng4 42. R8h7+ Kg6 43. Rd7 Rxf2+ 44. Kg1 Rb2 
45. Rxd6+ Kg7 46. Rd7+ Kf6 47. Rhh7 Rb1+ 48. Kg2 Nxe3+ 49. Kf2 f4 50. gxf4 gxf4 
51. Rdf7+ Kg6 52. Rfg7+ Kf5 53. Rf7+ Ke6 54. Re7+ Kf5 55. Ref7+ Kg6 
56. Rhg7+ Kh6 57. Rh7+ Kg5 58. Rhg7+ Kh6 59. Rh7+ Kg5 60. Rfg7+ Kf6 61. Rf7+ Kg6 
1/2-1/2